 Dungeon Crawl Stone Soup version 0.24-a0-280-g7cec4da (webtiles) character file.

Game seed: 15802191160953656778

42 wirefist the Sneak (level 3, -2/17 HPs)
             Began as a Vine Stalker Enchanter on May 6, 2019.
             Slain by an adder (5 damage)
             ... on level 2 of the Dungeon.
             The game lasted 00:04:57 (2055 turns).

wirefist the Sneak (Vine Stalker Enchanter)         Turns: 2055, Time: 00:04:58

Health: -2/17      AC:  3    Str: 10    XL:     3   Next: 54%
Magic:  0/7        EV: 12    Int: 16    God:
Gold:   24         SH:  0    Dex: 14    Spells: 1/7 levels left

rFire    . . .     SeeInvis .   a - +1 dagger
rCold    . . .     Gourm    .   (no shield)
rNeg     . . .     Faith    .   b - +0 robe
rPois    .         Spirit   +   (no helmet)
rElec    .         Reflect  .   n - +0 cloak
rCorr    .         Harm     .   (no gloves)
MR       .....                  (no boots)
Stlth    +++.......             (no amulet)
HPRegen  0.05/turn              (no ring)
MPRegen  0.10/turn              (no ring)

@: lethally poisoned (-2 -> -13), very slightly contaminated
A: fangs 2, magic shield, antimagic bite, no potion heal 3, rot immunity
a: no special abilities


You were on level 2 of the Dungeon.
You were not hungry.

You visited 1 branch of the dungeon, and saw 2 of its levels.

You collected 24 gold pieces.

Inventory:

Hand Weapons
 a - a +1 dagger (weapon)
 c - a +2 short sword of holy wrath
Armour
 b - a +0 robe (worn)
 n - a +0 cloak (worn)
Jewellery
 i - a +5 ring of dexterity {unknown}
Scrolls
 e - a scroll of magic mapping {unknown}
 f - a scroll of fog {unknown}
 g - a scroll of identify {unknown}
Potions
 m - a potion of haste
Comestibles
 d - 2 rations
 h - 2 chunks of flesh


   Skills:
 + Level 0.7 Fighting
 + Level 1.3 Short Blades
 + Level 1.9 Dodging
 + Level 4.0 Stealth
 + Level 2.5 Spellcasting
 + Level 3.2 Hexes
 + Level 0.1 Ice Magic


You had one spell level left.
You knew the following spells:

 Your Spells              Type           Power        Failure   Level  Hunger
a - Corona                Hex            ##.....      5%          1    #......
b - Ensorcelled Hibernat  Hex/Ice        #.....       14%         2    ##.....
c - Tukima's Dance        Hex            ##......     16%         3    ###....

Your spell library contained the following spells:

 Spells                   Type           Power        Failure   Level  Hunger
 Confuse                  Hex            ##......     16%         3    ###....
 Dazzling Spray           Conj/Hex       #.....       30%         3    ###....


Dungeon Overview and Level Annotations

Branches:
Dungeon (2/15)

Altars:


Innate Abilities, Weirdness & Mutations

You have extremely sharp teeth.
When hurt, damage is shared between your health and your magic reserves.
Your bite disrupts and absorbs the magic of your enemies.
Potions cannot restore your health.
You are immune to rotting.


Message History

Casting: Ensorcelled Hibernation (safe; 14% risk of failure)
Confirm with . or Enter, or press ? or * to list all spells.
Aiming: Ensorcelled Hibernation (safe; 14% risk of failure)
Press: ? - help, Shift-Dir - straight line, f/p - adder
Aim: an adder (chance to defeat MR: 48%)
The adder resists with some effort.
You feel sick. The adder closely misses you.
You hit the adder. Your bite misses the adder.
The adder is heavily wounded.
The adder bites you.
You barely miss the adder.
The adder is heavily wounded.
You feel sick. The adder bites you.
* * * LOW HITPOINT WARNING * * *
You are more poisoned.
The adder poisons you!
You hit the adder.
The adder is heavily wounded.
The adder bites you.
You die...

...< #... # ##...######
#. ..........###
#.#####.............
#.S...........#..###
#####@.............#
#>.#....>###..........#
#.......## ####.######
#.##.##.# #.# #. #.##
#.# #.#.#.#######.#
..###.....)รท.########
#.#.#>#######.........
#.##.## #.########


You could see an adder.

Vanquished Creatures
  2 adders (D:2)
  A giant cockroach (D:1)
  9 goblins
  3 hobgoblins
  2 bats (D:1)
  3 frilled lizards
  2 kobolds (D:1)
  4 rats (D:1)
26 creatures vanquished.

Notes
Turn   | Place    | Note
-------+----------+-------------------------------------------
     0 | D:1      | wirefist the Vine Stalker Enchanter began the quest for the
                  | Orb.
     0 | D:1      | Reached XP level 1. HP: 9/9 MP: 4/4
   391 | D:1      | Reached skill level 1 in Short Blades
   436 | D:1      | Reached XP level 2. HP: 13/13 MP: 4/6
  1544 | D:2      | Reached XP level 3. HP: 17/17 MP: 7/7
  1549 | D:2      | Learned a level 2 spell: Ensorcelled Hibernation
  1553 | D:2      | Learned a level 3 spell: Tukima's Dance
  1689 | D:2      | Reached skill level 4 in Stealth
  2055 | D:2      | Slain by an adder

Levels and vault maps discovered:
D:1:      co_arrival_random_square_maze, layout_basic
D:2:      layout_loops_ring, lemuel_coloured_pillars_altar, first_ration,
          chequers_ecumenical_altar_twisty

Skill      XL: |  1  2  3 |
---------------+----------+-----
Short Blades   | 1 |  1.3
Stealth        | 4 |  4.0
Fighting       | |  0.7
Dodging        | |  1.9
Spellcasting   | |  2.5
Hexes          | |  3.2
Ice Magic      | |  0.1

Action                   || total
-------------------------++-------
Melee: Dagger            ||    78
       Bite              ||     9
 Cast: Ensorcelled Hiber ||     5
  Use: Potion            ||     5
 Stab: Sleeping          ||     9
  Eat: Chunk             ||     4
Armor: Robe              ||     7
Dodge: Dodged            ||    43

Table legend:
 A = Non-vault XP
 B = Vault XP
 C = Vault XP percentage of total XP
 D = Non-vault monster count
 E = Vault monster count
 F = Vault count percentage of total count
                 A         B        C        D         E       F
            +---------+---------+-------+---------+---------+-------
      Total |      60 |       0 |   0.0 |      26 |       0 |   0.0
            +---------+---------+-------+---------+---------+-------
        D:1 |      19 |       0 |   0.0 |      14 |       0 |   0.0
        D:2 |      41 |       0 |   0.0 |      12 |       0 |   0.0
            +---------+---------+-------+---------+---------+-------
